 Dungeon Crawl Stone Soup version 0.29-a0-923-g6e406bff71 (webtiles) character file.

Game seed: 9763004049394753835

50 Locuples the Sneak (level 3, -1/27 HPs)
             Began as a Demonspawn Brigand on July 28, 2022.
             Constricted to death by Jessica (5 damage)
             ... on level 3 of the Dungeon.
             The game lasted 00:03:14 (1808 turns).

Locuples the Sneak (Demonspawn Brigand)             Turns: 1808, Time: 00:03:14

Health: -1/27      AC:  5    Str:  8 (11) XL:     3   Next: 55%
Magic:  3/3        EV:  9    Int: 10 (12) God:
Gold:   133        SH:  0    Dex: 13 (16) Spells: 2/2 levels left

rFire   . . .      SeeInvis .   a - +2 dagger
rCold   . . .      Faith    .   (no shield)
rNeg    . . .      Spirit   .   b - +0 robe
rPois   .          Reflect  .   s - +2 helmet
rElec   .          Harm     .   r - scarf {repulsion}
rCorr   .          Rampage  .   (no gloves)
Will    .....                   (no boots)
Stlth   +++.......              (no amulet)
HPRegen 0.09/turn               (no ring)
MPRegen 0.08/turn               (no ring)

@: mighty, lethally poisoned (-1 -> -7), grasped by roots, slowed, constricted,
repel missiles, very slow
A: demonic guardian 1
a: no special abilities


You were on level 3 of the Dungeon.
You visited 1 branch of the dungeon, and saw 3 of its levels.

You collected 133 gold pieces.

Inventory:

Hand Weapons
 a - a +2 dagger (weapon)
Missiles
 d - 9 poisoned darts (quivered)
 e - 3 curare-tipped darts
Armour
 b - a +0 robe (worn)
 c - a +0 cloak
 r - a scarf of repulsion (worn)
 s - a +2 helmet (worn)
Jewellery
 q - an amulet of reflection
Scrolls
 f - a scroll of vulnerability {unknown}
 g - a scroll of brand weapon {unknown}
 h - a scroll of noise {unknown}
 l - a scroll of fog {unknown}
 m - a scroll of amnesia {unknown}
 n - a scroll of poison {unknown}
 o - 2 scrolls of enchant weapon {unknown}
 p - a scroll of blinking {unknown}


   Skills:
 + Level 2.0 Fighting
 + Level 2.2 Short Blades
 - Level 1.7 Throwing
 + Level 1.5 Dodging
 * Level 4.5 Stealth


You had 2 spell levels left.
You didn't know any spells.
Your spell library contained the following spells:

 Spells                   Type           Power      Damage    Failure   Level
 Beastly Appendage        Tmut           0%         N/A       36%         1
 Sandblast                Erth           0%         2d4       36%         1
 Passwall                 Tmut/Erth      0%         N/A       50%         2
 Wereblood                Tmut           0%         N/A       50%         2
 Spider Form              Tmut/Pois      0%         N/A       75%         3
 Stone Arrow              Conj/Erth      0%         3d7       75%         3


Dungeon Overview and Level Annotations

Branches:
Dungeon (3/15)

Altars:

Annotations:
D:3 Jessica


Innate Abilities, Weirdness & Mutations

A weak demonic guardian rushes to your aid.


Message History

The giant cockroach closely misses you. Jessica casts a spell at you.
Pain shoots through your body!
* * * LOW HITPOINT WARNING * * *
It was a potion of curing.
You feel better. The giant cockroach misses you.
The giant cockroach bites you but does no damage.
Jessica hits you with a +2 dagger of venom.
You are poisoned.
You barely miss Jessica. You punch Jessica, but do no damage.
Jessica is almost dead.
You feel sick.
The giant cockroach bites you but does no damage.
Jessica shouts, "I don't like beings like you!"
Jessica hits you with a +2 dagger of venom.
You are lethally poisoned!
The giant cockroach barely misses you.
You hit Jessica but do no damage.
Jessica is almost dead.
You feel very sick.
Jessica gestures wildly while chanting.
Jessica blinks!
The giant cockroach misses you.
Jessica casts a spell.
Jessica blinks!
It was a potion of might.
You feel very mighty all of a sudden.
* * * LOW HITPOINT WARNING * * *
You feel very sick.
The giant cockroach bites you but does no damage. x2
It was a potion of degeneration.
There was something very wrong with that liquid.
You feel weakened.
You feel dopey.
You feel clumsy.
* * * LOW HITPOINT WARNING * * *
You feel very sick.
The giant cockroach bites you but does no damage.
Jessica zaps a wand.
The roots erupt in riotous growth!
The grasping roots grab you!
The giant cockroach is unaffected.
The grasping roots constrict you.
The giant cockroach bites you but does no damage.
The grasping roots constrict you.
You die...

#.#.##.#.#.#
#.#......#.#<#
#.####.###.#..
#..........#.# ###
######.#####.#...
######.#####.#.##
#...........@....#.#
#......##..........#
#...... #...@.....#
#...... #...B.....+
#...... #.........#
#...... #.........+
#g..... #.........#
#.........#
###########


You could see Jessica and a giant cockroach.

Vanquished Creatures
  An adder (D:2)
  A worm (D:2)
  A dart slug (D:1)
  10 ball pythons
  An endoplasm (D:1)
  3 goblins
  2 hobgoblins (D:2)
  2 kobolds
  4 quokkas
  A bat (D:2)
  3 frilled lizards
  4 rats
33 creatures vanquished.

Vanquished Creatures (collateral kills)
  A dart slug (D:1)
1 creature vanquished.

Grand Total: 34 creatures vanquished

Notes
Turn   | Place    | Note
-------+----------+-------------------------------------------
     0 | D:1      | Locuples the Demonspawn Brigand began the quest for the
                  | Orb.
     0 | D:1      | Reached XP level 1. HP: 16/16 MP: 1/1
    33 | D:1      | Reached skill level 1 in Dodging
    70 | D:1      | Found a faded altar of an unknown god.
   210 | D:1      | Gained mutation: A weak demonic guardian rushes to your
                  | aid. [demonic ancestry]
   210 | D:1      | Reached XP level 2. HP: 22/22 MP: 2/2
   353 | D:1      | Reached skill level 4 in Stealth
   472 | D:1      | You fall into a shaft and drop 1 floor!
   959 | D:2      | Reached XP level 3. HP: 27/27 MP: 3/3
  1282 | D:2      | Identified the +2 ring mail of the Endless Expanse {Regen+
                  | Str-5 Int+5}
  1789 | D:3      | Noticed Jessica
  1808 | D:3      | Constricted to death by Jessica

Illustrated notes

Levels and vault maps discovered:
D:1:      minmay_arrival_five_plusses, layout_basic,
          ebering_ecumenical_altar_box
D:2:      layout_loops_ring, hangedman_abyss_or_decor_lesser_grid
D:3:      layout_basic, uniq_jessica, uniq_grinder

Skill      XL: |  1  2 |
---------------+-------+-----
Dodging        | 1 |  1.5
Short Blades   | 2 |  2.2
Stealth        | 4 |  4.5
Fighting       | |  2.0
Throwing       | |  1.7

Action                   || total
-------------------------++-------
Melee: Dagger            ||    97
       Punch             ||     2
  Use: Potion            ||     3
 Stab: Sleeping          ||     8
Armor: Robe              ||    26
Dodge: Dodged            ||    51

Table legend: (Time is in decaauts)
 A = Elapsed time spent in this place.
 B = Non-inter-level travel time spent in this place.
 C = Inter-level travel time spent in this place.
 D = Time resting spent in this place.
 E = Time spent auto-exploring this place.
 F = Levels seen in this place.
 G = Mean time per level.
                   A        B        C        D        E       F      G
               +--------+--------+--------+--------+--------+-----+--------+
         Total |   1800 |   1748 |     52 |    196 |   1098 |   3 |  600.0 |
       Dungeon |   1800 |   1748 |     52 |    196 |   1098 |   3 |  600.0 |
               +--------+--------+--------+--------+--------+-----+--------+

Top non-repeatable levels by time:
     D:2: 1137 daAuts
     D:1: 618 daAuts
     D:3: 45 daAuts
